Map: Thunderbird LE

Players

pHARM

  • Race: Zerg Zerg
  • League: Platinum
  • Spawn Location: 11:00

wingszzx - Winner!

  • Race: Protoss Protoss
  • League: Diamond
  • Spawn Location: 5:00

VOD

Have the link to the VOD?

Description

Time

  • Played on: Aug. 3, 2019, 3:49 a.m.
  • Length: 8:23
Show
View Real Time Build Order
Export as new Build Order

pHARM Zerg 

Build Orders: Pool First 

Get SALT Encoding   

  12  0:10  Drone  
  12  0:11  Drone  
  14  0:17  Overlord  
  14  0:20  Extractor  
  13  0:24  Drone  
  15  0:39  Drone  
  16  0:43  Drone  
  17  1:18  Spawning Pool  
  17  1:19  Drone  
  17  1:20  Drone x2  
  19  1:42  Drone x2  
  19  1:47  Hatchery, Extractor  
  19  2:00  Drone  
  20  2:02  Overlord  
  20  2:17  Drone  
  21  2:24  Zergling x2  
  22  2:37  Drone  
  22  2:39  Queen  
  25  2:50  Hatchery  
  24  3:02  Drone x3  
  27  3:16  Lair  
  27  3:24  Queen  
  29  3:34  Drone x6  
  35  3:44  Overlord  
  35  3:54  Overlord  
  35  4:03  Evolution Chamber  
  35  4:05  Roach Warren  
  33  4:10  Drone  
  33  4:11  Drone x5  
  39  4:24  Evolution Chamber  
  38  4:35  Drone  
  38  4:36  Drone x5  
  44  4:40  Queen  
  44  4:44  Glial Reconstitution, Zerg Missile Weapons Level 1  
  44  5:21  Extractor  
  44  5:23  Extractor  
  44  5:26  Drone x8  
  50  5:29  Drone  
  50  5:32  Roach x3  
  57  5:47  Hydralisk Den  
  57  5:48  Overlord x5  
  56  5:57  Roach  
  58  6:06  Roach x6  
  58  6:07  Roach  
  72  6:13  Roach x2  
  76  6:27  Drone x2  
  76  6:28  Drone x5  
  83  6:51  Overseer  
  83  6:57  Drone x11  
  93  7:15  Hatchery  
  92  7:28  Overlord x3  
  92  7:33  Extractor  
  92  7:35  Extractor  
  90  7:43  Extractor  
  89  7:48  Roach x11  
  81  8:03  Roach x7  
Show
View Real Time Build Order
Export as new Build Order

wingszzx Protoss - Winner!

Build Orders:  

Get SALT Encoding   

  12  0:01  Probe  
  13  0:13  Probe  
  14  0:20  Pylon  
  14  0:25  Probe  
  15  0:36  Probe  
  15  0:42  Gateway  
  16  0:44  Probe  
  17  0:51  Assimilator  
  17  0:52  Probe  
  18  1:01  Pylon  
  18  1:06  Probe  
  19  1:23  Probe  
  19  1:24  Pylon  
  19  1:39  Zealot  
  21  1:40  Cybernetics Core  
  21  1:46  Forge  
  21  1:53  Probe  
  22  2:05  Probe  
  23  2:23  Warp Gate  
  23  2:24  Nexus  
  23  2:29  Assimilator  
  23  2:34  Pylon  
  23  2:39  Adept  
  25  2:49  Pylon  
  25  2:55  Probe  
  25  2:56  Robotics Facility  
  25  3:03  Probe  
  27  3:13  Stalker, Probe  
  30  3:25  Probe  
  30  3:26  Pylon  
  31  3:37  Probe  
  31  3:38  Gateway  
  32  3:43  Sentry  
  34  3:52  Probe  
  34  3:53  Probe, Twilight Council  
  36  4:00  Probe  
  36  4:09  Probe  
  37  4:12  Pylon  
  37  4:13  Immortal  
  42  4:30  Gateway  
  42  4:34  Stalker  
  42  4:37  Sentry, Probe  
  47  4:39  Probe  
  48  4:49  Probe  
  48  4:52  Immortal  
  49  4:56  Probe  
  50  5:01  Probe  
  53  5:08  Probe  
  53  5:09  Charge  
  53  5:14  Probe  
  55  5:17  Assimilator  
  55  5:18  Assimilator  
  55  5:20  Probe, Pylon  
  56  5:30  Warp Prism  
  56  5:31  Gateway  
  58  5:35  Probe  
  58  5:37  Sentry x2  
  58  5:39  Probe  
  64  5:43  Probe  
  65  5:51  Probe  
  65  5:56  Gateway  
  66  5:59  Gateway  
  66  6:03  Gateway  
  66  6:04  Immortal  
  66  6:10  Gateway  
  70  6:19  Probe  
  70  6:20  Probe  
  70  6:22  Pylon  
  70  6:24  Pylon  
  72  6:25  Sentry  
  72  6:26  Pylon  
  72  6:27  Sentry  
  76  6:39  Sentry  
  78  6:41  Sentry  
  80  6:50  Pylon  
  80  7:07  Zealot x2  
  80  7:08  Zealot x6  
  96  7:28  Zealot  
  98  7:34  Zealot  
  98  7:35  Zealot x4  
  98  7:36  Zealot  
  110  7:43  Pylon  
  110  7:45  Pylon  
  110  7:47  Pylon  
  110  7:49  Pylon  
  108  7:55  Zealot  
  108  7:56  Zealot x2  
  110  8:05  Zealot x2  
  112  8:06  Zealot x3  
  108  8:23  Zealot x3  
Tags
 
Matchup
PvZ
Opening
Pool First
Replay Pack
10.7.19
Spawn Locations
Cross Positions
Add a new tag
Caveats
  • Supply blocks, unpowered buildings, or Contaminate may cause inaccurate times.
  • Supply counts are checked every 10 seconds.